 Dungeon Crawl Stone Soup version 0.24.0-123-gd5b16e6ec5 (webtiles) character file.

Game seed: 4903455021796682618, levelgen mode: deterministic

68 Descartes the Skirmisher (level 4, 0/37 HPs)
             Began as a Formicid Abyssal Knight on Dec 31, 2019.
             Was a Follower of Lugonu.
             Succumbed to an adder's poison
             ... on level 2 of the Dungeon.
             The game lasted 00:02:35 (1195 turns).

Descartes the Skirmisher (Formicid Abyssal Knight)  Turns: 1195, Time: 00:02:35

Health: 0/37       AC:  6    Str: 17    XL:     4   Next: 41%
Magic:  6/6        EV: 10    Int: 12    God:    Lugonu [*.....]
Gold:   66         SH:  0    Dex: 10    Spells: 3/3 levels left

rFire    . . .     SeeInvis +   a - +1 hand axe
rCold    . . .     Gourm    .   (no shield)
rNeg     . . .     Faith    .   d - +0 scale mail
rPois    .         Spirit   .   (helmet unavailable)
rElec    .         Reflect  .   (no cloak)
rCorr    .         Harm     .   (no gloves)
MR       .....                  (no boots)
Stlth    ..........             (no amulet)
HPRegen  0.12/turn              (no ring)
MPRegen  0.10/turn              (no ring)

@: lethally poisoned (0 -> -7)
A: permanent stasis, dig shafts and tunnels, four strong arms, antennae 3
a: Dig, Shaft Self, Depart the Abyss, Renounce Religion


You were on level 2 of the Dungeon.
You worshipped Lugonu.
Lugonu was aware of your devotion.
You were not hungry.

You visited 1 branch of the dungeon, and saw 2 of its levels.
You visited the Abyss 1 time.

You collected 66 gold pieces.

Inventory:

Hand Weapons
 a - a +1 hand axe (weapon)
Missiles
 e - 23 stones (quivered)
 g - 11 arrows
 h - 21 sling bullets
Armour
 b - a +0 leather armour
 d - a +0 scale mail (worn)
Scrolls
 f - a scroll of blinking {unknown}
 k - a scroll of remove curse {unknown}
 l - a scroll of identify {unknown}
Potions
 j - a potion of flight {unknown}
 m - a potion of heal wounds {unknown}
Comestibles
 c - 3 rations
 i - a chunk of flesh


   Skills:
 + Level 3.7 Fighting
 + Level 2.6 Axes
 + Level 2.8 Armour
 + Level 1.7 Dodging
 + Level 3.0 Invocations


You had 3 spell levels left.
You didn't know any spells.
Your spell library was empty.

Dungeon Overview and Level Annotations

Branches:
Dungeon (2/15)

Altars:
Nemelex Xobeh


Innate Abilities, Weirdness & Mutations

You cannot be hasted, slowed, berserked, paralysed or teleported.
You can dig through walls and to a lower floor.
Your four strong arms can wield two-handed weapons with a shield.
You have a pair of large antennae on your head. (SInv)


Message History

You feel sick.
The adder bites you but does no damage. x2
You closely miss the adder.
The adder is heavily wounded.
You feel sick. The adder bites you but does no damage.
You miss the adder.
The adder is heavily wounded.
The adder bites you.
* * * LOW HITPOINT WARNING * * *
You are more poisoned.
The adder poisons you! The adder closely misses you.
You miss the adder.
The adder is heavily wounded.
* * * LOW HITPOINT WARNING * * *
You feel sick. The adder bites you.
* * * LOW HITPOINT WARNING * * *
You hit the adder.
You kill the adder!
Lugonu accepts your kill.
Your Invocations skill increases to level 3!
You die...

#...... #### #......#
##..=## #......#
##.....## #......#
#.......# #......#
#.......##
#......###.........
####..........@.......
#.....?.....?..†......
......................
##..##.............$....
...# ###................
..# ##.)...............
.#####........##........
.................#######
.##....###.#######


There were no monsters in sight!

Vanquished Creatures
  2 adders (D:2)
  3 oozes
  A worm (D:2)
  A dart slug (D:1)
  A ball python (D:1)
  4 bats
  2 giant cockroaches (D:1)
  3 goblins
  2 hobgoblins (D:1)
  5 kobolds (D:1)
  A quokka (D:2)
  5 frilled lizards
  3 rats
33 creatures vanquished.

Notes
Turn   | Place    | Note
-------+----------+-------------------------------------------
     0 | Abyss:1  | Descartes the Formicid Abyssal Knight began the quest for
                  | the Orb.
     0 | Abyss:1  | Reached XP level 1. HP: 18/18 MP: 2/2
    28 | Abyss:1  | Found a corrupted altar of Lugonu.
    60 | Abyss:1  | Noticed a small abomination
    61 | D:1      | Escaped the Abyss
    91 | D:1      | Reached skill level 1 in Dodging
   115 | D:1      | Reached * piety under Lugonu
   115 | D:1      | Reached XP level 2. HP: 17/24 MP: 3/3
   635 | D:1      | Reached XP level 3. HP: 25/29 MP: 4/4
   702 | D:1      | Found a sparkling altar of Nemelex Xobeh.
  1159 | D:2      | Reached XP level 4. HP: 36/37 MP: 6/6
  1194 | D:2      | HP: 1/37 [adder (2)]
  1195 | D:2      | Succumbed to an adder's poison

Levels and vault maps discovered:
D:1:      dpeg_arrival_rhombus, layout_loops_ring, nemelex_diamond_rough_becter
D:2:      layout_rooms

Skill      XL: |  1  2  3  4 |
---------------+-------------+-----
Dodging        | 1 |  1.7
Invocations    | 3 |  3.0
Fighting       | |  3.7
Axes           | |  2.6
Armour         | |  2.8

Action                   |  1- 3 |  4- 6 || total
-------------------------+-------+-------++-------
Melee: Hand axe          |   109 |    17 ||   126
Invok: Depart the Abyss  |     1 |       ||     1
 Abil: Dig               |     4 |       ||     4
  Eat: Chunk             |     1 |       ||     1
Armor: Scale mail        |    69 |    16 ||    85
Dodge: Dodged            |    70 |    11 ||    81
